 Dungeon Crawl Stone Soup version 0.28.0 (webtiles) character file.

Game seed: 7845706881645156501

924 browni3141 the Skirmisher (level 7, 0/58 (64) HPs)
             Began as a Minotaur Berserker on Feb 10, 2022.
             Was a Priest of Trog.
             Slain by Edmund (1 damage)
             ... on level 4 of the Dungeon.
             The game lasted 00:02:02 (3404 turns).

browni3141 the Skirmisher (Minotaur Berserker)      Turns: 3404, Time: 00:02:03

HP:   0/58 (64)     AC:  3    Str: 24    XL:     7   Next: 84%
MP:   6/6           EV: 13    Int:  4    God:    Trog [***...]
Gold: 114           SH:  0    Dex:  9    Spells: 6/6 levels left

rFire   . . .      SeeInvis .   h - +0 war axe
rCold   . . .      Faith    .   (no shield)
rNeg    . . .      Spirit   .   b - +0 animal skin
rPois   .          Reflect  .   (helmet restricted)
rElec   .          Harm     .   g - +0 cloak
rCorr   .          Rampage  .   (no gloves)
Will    .....                   (no boots)
Stlth   +.........              (no amulet)
HPRegen 0.19/turn               (no ring)
MPRegen 0.10/turn               (no ring)

@: on berserk cooldown, slowed, drained, very slow
A: horns 2, retaliatory headbutt
a: Renounce Religion, Berserk, Trog's Hand


You were on level 4 of the Dungeon.
You worshipped Trog.
Trog was most pleased with you.
You visited 1 branch of the dungeon, and saw 4 of its levels.

You collected 114 gold pieces.

Inventory:

Hand Weapons
 a - a +0 hand axe
 h - a +0 war axe (weapon)
Armour
 b - a +0 animal skin (worn)
 g - a +0 cloak (worn)
Wands
 i - a wand of flame (15)
Scrolls
 c - 3 scrolls of identify {unknown}
 j - a scroll of acquirement {unknown}
 l - a scroll of immolation {unknown}
 m - a scroll of vulnerability {unknown}
Potions
 d - a potion of lignification {unknown}
 e - a potion of curing
 f - a potion of magic {unknown}
 k - a potion of heal wounds {unknown}


   Skills:
 + Level 6.5 Fighting
 + Level 6.4 Axes
 + Level 5.8 Armour
 + Level 5.3 Dodging


You had 6 spell levels left.
You didn't know any spells.
Your spell library was empty.

Dungeon Overview and Level Annotations

Branches:
Dungeon (4/15)
 Temple: D:4-7

Altars:

Shops:
D:2 [

Annotations:
D:4 Edmund


Innate Abilities, Weirdness & Mutations

You have a pair of horns on your head.
You reflexively headbutt those who attack you in melee.


Message History

You slice the goblin!!
You kill the goblin!
Trog accepts your kill.
You barely miss the iguana. You headbutt the iguana.
The iguana is moderately wounded.
You closely miss the iguana.
The iguana is moderately wounded.
The iguana bites you!
You barely miss the iguana.
The iguana is moderately wounded.
The iguana bites you.
You slash the iguana!
You kill the iguana!
Trog accepts your kill.
You hit Edmund but do no damage. You headbutt Edmund!
Edmund is moderately wounded.
A gnoll comes into view. It is wielding a +0 whip.
Edmund says, "I'm quite good with sums, too."
Edmund barely misses you. You furiously retaliate!
You headbutt Edmund! You hit Edmund. Your headbutt misses Edmund.
Edmund is heavily wounded.
You slash Edmund!
Edmund is severely wounded.
You are no longer berserk.
You are exhausted.
You feel yourself slow down.
Edmund hits you with a +2 dire flail of draining.
You feel drained.
A gnoll comes into view. It is wielding a +0 whip.
The gnoll shouts!
You hit Edmund but do no damage.
Edmund is severely wounded.
Edmund hits you with a +2 dire flail of draining!
* * * LOW HITPOINT WARNING * * *
You feel drained.
* * * LOW HITPOINT WARNING * * *
Edmund hits you with a +2 dire flail of draining!
* * * LOW HITPOINT WARNING * * *
You feel drained.
You die...

#.#####.###....##
#.....## ##...#
#.###..# #...#
##.## #...#
##.###....#
##...###.# ##.##
.# #.# .# #@#
#.....@g....#
#.####g####.# ...
... ...## #..#
#..#


You could see Edmund and 2 gnolls.

Vanquished Creatures
  Grinder (D:3)
  Menkaure (D:4)
  An ice beast (D:4)
  2 ogres
  Terence (D:3)
  Natasha (twice) (D:3)
  2 iguanas
  3 orc wizards (D:4)
  Ijyb (D:4)
  5 adders
  A worm (D:3)
  A dart slug (D:1)
  9 orcs
  4 ball pythons
  6 endoplasms
  4 giant cockroaches
  5 goblins
  6 hobgoblins
  2 jackals (D:2)
  A quokka (D:1)
  12 bats
  7 frilled lizards
  5 kobolds
  3 rats
85 creatures vanquished.

Notes
Turn   | Place    | Note
-------+----------+-------------------------------------------
     0 | D:1      | browni3141 the Minotaur Berserker began the quest for the
                  | Orb.
     0 | D:1      | Reached XP level 1. HP: 19/19 MP: 0/0
   139 | D:1      | Reached XP level 2. HP: 27/27 MP: 1/1
   702 | D:2      | Found a faded altar of an unknown god.
   721 | D:2      | Reached ** piety under Trog
   726 | D:2      | Reached XP level 3. HP: 31/33 MP: 2/2
   782 | D:2      | Found Daiddi Niagh's Armour Shoppe.
  1784 | D:3      | Noticed an ogre
  1785 | D:3      | Noticed Natasha
  1790 | D:3      | Killed an ogre
  1791 | D:3      | Reached XP level 4. HP: 41/41 MP: 3/3
  1792 | D:3      | Killed Natasha
  1793 | D:3      | Reached XP level 5. HP: 40/47 MP: 4/4
  2058 | D:3      | Noticed Terence
  2060 | D:3      | Noticed Grinder
  2067 | D:3      | Killed Terence
  2068 | D:3      | Reached skill level 5 in Fighting
  2075 | D:3      | Paralysed by Grinder for 4 turns
  2084 | D:3      | Paralysed by Grinder for 2 turns
  2085 | D:3      | Killed Grinder
  2086 | D:3      | Reached skill level 5 in Axes
  2086 | D:3      | Reached XP level 6. HP: 30/56 MP: 5/5
  2447 | D:3      | Noticed Natasha
  2453 | D:3      | Killed Natasha
  2917 | D:4      | Reached XP level 7. HP: 26/62 MP: 6/6
  3125 | D:4      | Reached skill level 5 in Armour
  3270 | D:4      | Noticed Ijyb
  3276 | D:4      | Reached skill level 5 in Dodging
  3283 | D:4      | Killed Ijyb
  3283 | D:4      | Reached *** piety under Trog
  3389 | D:4      | Noticed Menkaure
  3393 | D:4      | Noticed Edmund
  3395 | D:4      | Killed Menkaure
  3404 | D:4      | HP: 1/61 [Edmund (14)]
  3404 | D:4      | Slain by Edmund

Illustrated notes

Levels and vault maps discovered:
D:1:      dpeg_arrival_radiant, layout_rooms, minmay_pentomino_u4
D:2:      layout_basic, serial_shops, shop, basic_ecumenical_altar,
          roderic_lattice_a, minmay_misc_feat_more_columns
D:3:      layout_basic, kennysheep_generic_room_3, uniq_grinder, uniq_terence,
          uniq_natasha
D:4:      layout_loops_ring, uniq_ijyb, uniq_edmund, uniq_menkaure

Skill      XL: |  1  2  3  4  5  6  7 |
---------------+----------------------+-----
Fighting       | 4 5 6 |  6.5
Axes           | 4 5 6 |  6.4
Armour         | 3 4 5 |  5.8
Dodging        | 3 4 5 |  5.3

Action                   |  1- 3 |  4- 6 |  7- 9 || total
-------------------------+-------+-------+-------++-------
Melee: Hand axe          |    63 |       |       ||    63
       Headbutt          |     9 |     8 |     5 ||    22
       War axe           |     2 |    64 |    41 ||   107
       Punch             |       |       |     1 ||     1
Invok: Berserk           |     1 |     1 |     2 ||     4
       Trog's Hand       |       |     1 |       ||     1
Armor: Animal skin       |    16 |    14 |     2 ||    32
Dodge: Dodged            |    50 |    33 |    19 ||   102
